[Event "FIDE WSTC-50-65 2022"]
[Site "Acqui Terme"]
[Date "2022.06.28"]
[Round "8.7"]
[White "Emms, John M"]
[Black "Bagaturov, Giorgi"]
[Result "0-1"]
[ECO "B22"]
[WhiteElo "2478"]
[BlackElo "2413"]
[Annotator "TA"]
[PlyCount "110"]
[EventDate "2022.06.20"]
[EventType "team-tourn"]
[EventCountry "ITA"]
[SourceTitle "playchess.com"]
[Source "ChessBase"]
[SourceQuality "1"]
[TimeControl "40/5400+30:1800+30"]

1. e4 c5 2. c3 Nf6 3. e5 Nd5 4. Nf3 Nc6 5. d4 cxd4 6. cxd4 d6 7. Bc4 Nb6 8. Bb5 dxe5 9. Nxe5 Bd7 10. Nxd7 Qxd7 11. Nc3 e6 12. O-O Rd8 $1 {[%emt 0:07:30][%mdl 4] now scores much better than the old 12...Be7. B22: Sicilian: 2 c3.} 13. Be3 Be7 14. Qg4 O-O {[%emt 0:02:30] The position is equal.} 15. Rad1 f5 16. Qf3 Nd5 (16... Bf6 {is interesting.} 17. d5 Nxd5 18. Nxd5 exd5 19. Bc4 Ne7) 17. Nxd5 {[%emt 0:24:30] [#]} Qxd5 $146 (17... exd5 {feels hotter.} 18. Bxc6 bxc6 19. Bf4 Rfe8) ({Predecessor:} 17... exd5 18. Bf4 Nxd4 19. Rxd4 Qxb5 20. a4 Qxb2 21. Rxd5 Qa2 22. Rxd8 Bxd8 23. Qxb7 Qxa4 {1-0 (44) Gulbeyaz,E (2069)-Karpatchev,A (2420) Mersin 2021}) 18. Qxd5 exd5 19. Bxc6 bxc6 20. Rd3 Rb8 21. b3 Bd6 22. Rc1 Rb6 23. Bd2 Rc8 24. Kf1 g6 25. h3 h5 26. Re1 {[%emt 0:06:30] [#] Threatens to win with Re6.} Kf7 {[%emt 0:01:30] Inhibits Re6.} 27. Rde3 Rb7 28. g3 Be7 29. Ke2 Bg5 30. Rc3 Re7+ 31. Kd3 Re4 32. Rd1 Bf6 33. Be3 Ke7 34. f3 Re6 35. Rc5 Kd7 36. Ra5 Rc7 37. h4 Be7 38. Rc1 Bd6 39. Bf4 Bxf4 40. gxf4 $11 {[%emt 0:00:00][%mdl 4096] Endgame KRR-KRR} Kc8 $1 41. Rac5 Kb7 42. R5c2 Rce7 43. Rf2 $1 Kb6 44. Kd2 $1 a5 45. a4 Re3 46. Rc3 (46. Rg2 $11) 46... Rxc3 $19 47. Kxc3 {[%emt 0:00:02] KR-KR} Re3+ 48. Kc2 c5 {[%emt 0:02:47] Black is more active.} (48... Kb7 $17 {Hoping for ...Kb6.} 49. Rf1 Kc7) 49. Rg2 $11 cxd4 50. Rxg6+ Kc5 {[%emt 0:00:05] [#] aiming for ...Rc3+.} 51. Rf6 Rc3+ 52. Kd2 (52. Kb2 $1 $15) 52... Rxb3 $17 53. Rf8 $2 (53. Rxf5 $17 {nothing else works.} Rxf3 54. Rxh5) 53... Rxf3 $19 {[%emt 0:01:16] Black is clearly winning.} 54. Rc8+ (54. Rxf5 $142 Kc4 55. Rxh5) 54... Kb4 55. Rb8+ Kxa4 {[%emt 0:00:25] Weighted Error Value: White=0.47/Black=0.12 (very precise)} 0-1

[Event "FIDE WSTC-50-65 2022"]
[Site "Acqui Terme"]
[Date "2022.06.28"]
[Round "8.8"]
[White "Gaprindashvili, Nona"]
[Black "Arkell, Keith C"]
[Result "0-1"]
[ECO "E20"]
[WhiteElo "2270"]
[BlackElo "2367"]
[Annotator "TA"]
[PlyCount "78"]
[EventDate "2022.06.20"]
[EventType "team-tourn"]
[EventCountry "ITA"]
[SourceTitle "playchess.com"]
[Source "ChessBase"]
[SourceQuality "1"]
[TimeControl "40/5400+30:1800+30"]

1. d4 e6 2. Nf3 Nf6 3. c4 Bb4+ 4. Nc3 c5 5. g3 Ne4 6. Qd3 cxd4 7. Nxd4 Qa5 8. Nb3 Nxc3 9. Bd2 Ne4 10. Qxe4 Bxd2+ 11. Nxd2 Nc6 12. Bg2 O-O 13. Qe3 d5 14. O-O d4 15. Qd3 e5 16. a3 Qc7 {[%emt 0:01:30] E20: Nimzo-Indian: 4 g3 and 4 f3.} 17. f4 exf4 18. Rxf4 {[%emt 0:00:30] [#]} a5 $146 {[%emt 0:02:30] White is slightly better.} ({Predecessor:} 18... Be6 19. Nf3 Rad8 20. Ng5 g6 21. Nxe6 fxe6 22. Rxf8+ Kxf8 23. Rf1+ Kg7 24. Qf3 Qe7 {½-½ (32) Barsov,A (2525)-Arkell,K (2521) Hastings 2003}) 19. Raf1 Be6 20. Bd5 Qd7 $2 {[%emt 0:06:30] [#]} (20... h6 $11) 21. Ne4 $2 ({Only move:} 21. Rh4 $1 $18 f5 22. Rxf5) 21... Ne5 22. Qxd4 Ng6 (22... Nxc4 $1 $11 {remains equal.} 23. Nf6+ gxf6 24. Bxc4 Qxd4+ 25. Rxd4 Bxc4 26. Rg4+ (26. Rxc4 Rfe8 $14) 26... Kh8 27. Rxc4 Rae8) 23. Nc5 (23. R4f3 $16) 23... Nxf4 $11 24. Rxf4 Qe7 25. Re4 Qg5 26. Nxe6 ({White should try} 26. Nxb7 $11 Rae8 27. Nxa5) 26... fxe6 $40 {[%emt 0:00:10][%mdl 128] Black has some attack.} 27. Bxe6+ Kh8 {[%emt 0:00:05] [#] ( -> ...Qc1+)} 28. Rf4 ({Better is} 28. Kg2 $1 $15) 28... Rxf4 $17 29. Qxf4 {[%emt 0:00:00][%mdl 4096] Endgame KQR-KQB} Qc5+ 30. Qf2 Qe5 31. Bd5 Qxb2 32. a4 (32. Qe3 $17) 32... Re8 33. e4 Qa1+ 34. Kg2 Qxa4 35. e5 Qb4 {[%emt 0:00:16] Hoping for ...Rf8.} 36. e6 b6 {[%emt 0:03:39] Against c5} 37. Qf7 $2 (37. h4) 37... Qe7 {[%emt 0:00:35] Threatens to win with ...Qxf7.} 38. Bc6 $2 (38. h4) 38... Qxf7 $19 39. exf7 Rf8 {[%emt 0:00:04] Weighted Error Value: White=0.87/Black=0.59} 0-1

[Event "FIDE WSTC-50-65 2022"]
[Site "Acqui Terme"]
[Date "2022.06.28"]
[Round "8.13"]
[White "Meister, Jakob"]
[Black "Knaak, Rainer"]
[Result "1-0"]
[ECO "C01"]
[WhiteElo "2418"]
[BlackElo "2479"]
[Annotator "TA"]
[PlyCount "151"]
[EventDate "2022.06.20"]
[EventType "team-tourn"]
[EventCountry "ITA"]
[SourceTitle "playchess.com"]
[Source "ChessBase"]
[SourceQuality "1"]
[TimeControl "40/5400+30:1800+30"]

1. e4 e6 2. d4 d5 3. exd5 exd5 4. Bd3 Nc6 5. c3 Bd6 6. Nf3 Nge7 7. Qc2 Bg4 {[%emt 0:00:30] C01: French: Exchange Variation.} 8. Nbd2 Qd7 9. h3 Bh5 {[%emt 0:07:30] The position is equal.} 10. O-O f6 (10... Bg6 $11 {might be stronger.}) 11. Re1 (11. Bxh7 $2 g6 12. b4 Rxh7 $19) 11... O-O-O $1 {[%emt 0:00:30] [#]} 12. Nh2 $146 ({Wrong is} 12. Bxh7 $2 g6 13. Kf1 Rxh7 $19) ({Predecessor:} 12. b4 Rde8 13. a4 g5 14. a5 Bxf3 15. Nxf3 h5 16. b5 Nd8 17. b6 a6 18. bxc7 {0-1 (39) Postnikov,D (2360)-Zierk,S (2488) Chess.com INT 2022}) 12... g5 13. Ndf1 g4 (13... Rdf8 $11 {keeps the balance.}) 14. hxg4 $16 Bxg4 15. Nxg4 Qxg4 16. Qe2 Qg7 17. Qf3 Kb8 18. Ng3 {[%emt 0:24:30] Inhibits f5.} (18. Ne3 {is more complex.} h5 19. Nf5 Nxf5 20. Bxf5 Rdf8 21. Re6) 18... Bxg3 ({Black should try} 18... h5 $14) 19. Qxg3 Qxg3 (19... Ng6 $142) 20. fxg3 Rdf8 21. Bh6 Rf7 22. Re3 {[%emt 0:01:30] White is more active.} Rg8 23. Rf1 f5 24. Ref3 (24. g4 $18) 24... Rg6 25. Bd2 {[%emt 0:01:30][%cal Rd3f5] A strong pair of Bishops.} Nd8 26. Bxf5 Nxf5 27. Rxf5 Rxf5 28. Rxf5 {[%emt 0:00:00][%mdl 4096] Endgame KRB-KRN} Kc8 29. Rxd5 Rxg3 30. Kf2 Rg7 31. Rf5 Kd7 32. Kf3 Nf7 33. Bf4 c6 34. g4 Ke6 35. Rh5 Nh8 36. d5+ cxd5 37. Re5+ Kf6 38. g5+ Kf7 39. Rxd5 Ke6 {[%emt 0:00:05] Inhibits Rd7.} 40. Re5+ Kd7 41. Rc5 Ke6 42. Re5+ Kd7 43. Rb5 b6 44. Rd5+ Ke6 45. Rd6+ Ke7 {[%emt 0:00:30] [#]} 46. Rc6 $1 {[%emt 0:00:30] Strongly threatening Rc7+.} Kd8 {[%emt 0:00:30] Inhibits Rc7.} 47. Be5 Rf7+ 48. Rf6 Ng6 49. Bd4 Rd7 50. Kg4 Ke8 51. a4 Ne7 52. Re6 {[%emt 0:01:30] [#] Threatens to win with Bf6.} Kf7 53. Rh6 Kg8 54. a5 Ng6 55. a6 ({Don't do} 55. axb6 $6 axb6 56. Rh2 (56. Bxb6 Rb7 $16) 56... b5 $18) 55... Rf7 (55... b5 $142 56. Rh1 b4) 56. Bf6 $18 Rd7 57. Rh1 {[%emt 0:01:04] Prevents Rd1.} Rd2 58. b4 Rd7 59. Re1 Kf7 60. Re4 Rd1 61. Rc4 Rg1+ 62. Kf5 {[%emt 0:04:57] Hoping for Rc7+.} Rf1+ 63. Ke4 h5 $2 (63... Rf4+ 64. Kd3 Rxc4 65. Kxc4 h5) 64. Rc7+ Ke6 65. Rxa7 Re1+ 66. Kd3 Ra1 67. b5 h4 68. Rh7 h3 69. Bd4 Kf5 70. Bxb6 Ne5+ 71. Kc2 h2 72. a7 Nf3 73. Kb2 Ra4 74. Bf2 Kxg5 75. b6 Kg6 76. Rh3 {[%emt 0:00:35] Weighted Error Value: White=0.07 (flawless) /Black=0.15 (very precise)} 1-0

[Event "FIDE WSTC-50-65 2022"]
[Site "Acqui Terme"]
[Date "2022.06.28"]
[Round "8.14"]
[White "Chevelevitch, Evgueni"]
[Black "Klundt, Klaus"]
[Result "1/2-1/2"]
[ECO "B48"]
[WhiteElo "2369"]
[BlackElo "2295"]
[Annotator "TA"]
[PlyCount "42"]
[EventDate "2022.06.20"]
[EventType "team-tourn"]
[EventCountry "ITA"]
[SourceTitle "playchess.com"]
[Source "ChessBase"]
[SourceQuality "1"]
[TimeControl "40/5400+30:1800+30"]

1. e4 c5 2. Nf3 e6 3. d4 cxd4 4. Nxd4 Nc6 5. Nc3 Qc7 6. Be3 a6 7. Qf3 {[%emt 0:00:30] B48: Sicilian: Taimanov: 5 Nc3 Qc7 6 Be3 a6 without Be2.} Nf6 8. O-O-O Ne5 9. Qg3 b5 10. f4 Neg4 11. Bg1 {[%emt 0:01:30] Hoping for e5.} h5 $1 {[%emt 0:06:00] [#] aiming for ...b4. 11...h5 scores better than 11...b4.} 12. e5 {[%emt 0:08:30] Threatens to win with h3.} b4 $1 13. Na4 ({Much worse is} 13. exf6 bxc3 14. fxg7 Bxg7 15. Qxc3 Qxc3 16. bxc3 Bb7 $11) (13. Nb1 $5 Ne4 14. Qe1 $14) 13... Nd5 14. h3 {[%emt 0:06:30] [#]  Weighted Error Value: White=0.07 (flawless) /Black=0.02 (flawless)} {Predecessor:} Nh6 $146 15. f5 Bb7 16. Bd3 Be7 17. Kb1 h4 18. Qe1 Nf4 19. Bh2 Nxd3 20. Rxd3 Qa5 21. fxe6 fxe6 {1-0 (44) Nakamura,H (2736)-Pichot,A (2630) chess24.com INT 2021} 1/2-1/2

[Event "FIDE WSTC-50-65 2022"]
[Site "Acqui Terme"]
[Date "2022.06.28"]
[Round "8.15"]
[White "Salov, Sergej"]
[Black "Kiefer, Gerhard"]
[Result "1/2-1/2"]
[ECO "B47"]
[WhiteElo "2169"]
[BlackElo "2224"]
[Annotator "RC"]
[PlyCount "21"]
[EventDate "2022.06.20"]
[EventType "team-tourn"]
[EventCountry "ITA"]
[SourceTitle "playchess.com"]
[Source "ChessBase"]
[SourceQuality "1"]
[TimeControl "40/5400+30:1800+30"]

1. e4 c5 2. Nf3 e6 3. Nc3 a6 4. d4 cxd4 5. Nxd4 Nc6 6. g3 Qc7 7. Bg2 Nf6 8. O-O Nxd4 9. Qxd4 Bc5 10. Bf4 d6 11. Qd3 1/2-1/2

[Event "FIDE WSTC-50-65 2022"]
[Site "Acqui Terme"]
[Date "2022.06.28"]
[Round "8.16"]
[White "Kierzek, Matthias"]
[Black "Gruzmann, Boris"]
[Result "1/2-1/2"]
[ECO "A53"]
[WhiteElo "2224"]
[BlackElo "2189"]
[Annotator "RC"]
[PlyCount "61"]
[EventDate "2022.06.20"]
[EventType "team-tourn"]
[EventCountry "ITA"]
[SourceTitle "playchess.com"]
[Source "ChessBase"]
[SourceQuality "1"]
[TimeControl "40/5400+30:1800+30"]

1. d4 Nf6 2. c4 d6 3. Nc3 Bf5 4. g3 c6 5. Bg2 e5 6. e4 Bg4 7. f3 exd4 8. Qxd4 Be6 9. b3 Be7 10. Nge2 O-O 11. Bb2 Nbd7 12. Nf4 Qa5 13. Nxe6 fxe6 14. Bh3 e5 15. Qd2 Rad8 16. O-O a6 17. Rfd1 Kh8 18. Kh1 b5 19. Bf1 Nb6 20. a3 Na8 21. Kg2 Nc7 22. Qe3 Ne6 23. b4 Qc7 24. cxb5 axb5 25. Rac1 Qb7 26. Nb1 Ne8 27. Nd2 Bg5 28. Qd3 Rc8 29. Rc2 Rc7 30. Be2 Qb6 31. Nf1 1/2-1/2

[Event "FIDE WSTC-50-65 2022"]
[Site "Acqui Terme"]
[Date "2022.06.29"]
[Round "9.2"]
[White "Short, Nigel D"]
[Black "Plotkin, Victor"]
[Result "1-0"]
[ECO "E07"]
[WhiteElo "2622"]
[BlackElo "2240"]
[Annotator "TA"]
[PlyCount "63"]
[EventDate "2022.06.20"]
[EventType "team-tourn"]
[EventCountry "ITA"]
[SourceTitle "playchess.com"]
[Source "ChessBase"]
[SourceQuality "1"]
[TimeControl "40/5400+30:1800+30"]

1. Nf3 Nf6 2. d4 d5 3. c4 e6 4. Nc3 c6 5. g3 Nbd7 6. Bg2 Be7 7. O-O O-O 8. Qd3 b6 9. cxd5 cxd5 10. Bf4 {[%emt 0:00:30] E07: Closed Catalan: Main Line (5 Nf3 0-0 6 0-0 Nbd7).} Bb7 11. Nb5 Ne4 12. Rfc1 {[%emt 0:05:30] White is slightly better.} a6 13. Nc7 Ra7 {[%emt 0:03:30] [#] Threatens to win with ...g5.} 14. h4 $146 (14. Rc2 $1 $14) ({Predecessor:} 14. Bh3 Bc8 15. Nxe6 fxe6 16. Bxe6+ Kh8 17. Bxd5 Nef6 18. Bc6 Nh5 19. Bd2 Rc7 20. Be4 {1-0 (56) Gardner,A-Bradney,R (2123) ICCF email 2011}) 14... h6 15. Bh3 Bd6 {[%emt 0:12:30] [#]} 16. Nxe6 fxe6 17. Bxe6+ Kh8 18. Bxd6 Nxd6 19. Bxd7 Rxf3 (19... Qxd7 $11 {keeps the balance.} 20. Ne5 Qe8) 20. Qxf3 $16 Qxd7 {[%emt 0:00:30] [#]} 21. Rc2 $1 Ra8 22. Rac1 {[%emt 0:00:30] Black must now prevent Rc7.} Qe6 {[%emt 0:03:30] [#]} (22... Re8 $16 {was called for.}) 23. Qf4 $1 $18 Re8 (23... Ne8 {keeps fighting.} 24. Qe5 Qf6 25. Qxf6 gxf6) 24. Rc7 Ba8 (24... Kh7 $142 25. Qe5 Qxe5 26. dxe5 Rxe5) 25. Qe5 Qxe5 26. dxe5 {[%emt 0:00:00] White is clearly winning.} Rxe5 27. Rd7 Re6 28. Rd8+ Kh7 29. Rxa8 Rxe2 30. h5 d4 31. Rd8 d3 32. Rxd6 {[%emt 0:00:30] Weighted Error Value: White=0.04 (flawless) /Black=0.49} 1-0

[Event "FIDE WSTC-50-65 2022"]
[Site "Acqui Terme"]
[Date "2022.06.29"]
[Round "9.3"]
[White "Findlay, Ian T."]
[Black "Hebden, Mark L"]
[Result "0-1"]
[ECO "C68"]
[WhiteElo "2156"]
[BlackElo "2452"]
[Annotator "TA"]
[PlyCount "80"]
[EventDate "2022.06.20"]
[EventType "team-tourn"]
[EventCountry "ITA"]
[SourceTitle "playchess.com"]
[Source "ChessBase"]
[SourceQuality "1"]
[TimeControl "40/5400+30:1800+30"]

1. e4 e5 2. Nf3 Nc6 3. Bb5 a6 4. Bxc6 dxc6 5. O-O Bd6 6. d4 exd4 7. Qxd4 f6 8. Be3 Ne7 9. Nbd2 Be6 10. Qc3 {[%emt 0:03:30] C68: Ruy Lopez: Exchange Variation, sidelines.} Qd7 11. Rad1 O-O-O 12. Nb3 {[%emt 0:00:30] White has an edge.} Bxb3 13. Qxb3 Ng6 {[%emt 0:01:30] [#]} 14. Bc5 $146 ({Predecessor:} 14. Nd4 Rhe8 15. f3 Bf4 16. Nf5 Qxd1 17. Rxd1 Rxd1+ 18. Kf2 Bxe3+ 19. Qxe3 Kb8 20. Nxg7 {1-0 (37) Guseinov,G (2665)-Roiz,M (2579) Tornelo INT 2021}) 14... Rhe8 15. Bxd6 cxd6 16. Rfe1 Qg4 17. h3 Qh5 18. Nd4 {[%emt 0:08:30] [#]} (18. c4 $11) 18... Rxe4 $1 $17 19. Qd3 (19. g4 Qe5) 19... Rxe1+ 20. Rxe1 Ne5 21. Qb3 d5 ({Black should play} 21... Re8 $17 22. Re2 Nd7) 22. f4 $11 Nd7 (22... Nc4 $1 $11) 23. Qg3 (23. g4 $1 $16 Qf7 24. Nf5) 23... Re8 24. Kh2 (24. Rxe8+ $11 {keeps the balance.} Qxe8 25. Nf5) 24... Rxe1 $17 25. Qxe1 {[%emt 0:00:00][%mdl 4096] Endgame KQN-KQN} Qf7 {[%emt 0:05:30] Inhibits Qe7.} 26. Nf5 {[%emt 0:00:00] [#] Hoping for Nd6+.} Qf8 {[%emt 0:00:30] Prevents Nd6+.} 27. b4 g6 28. Nd4 Kb8 29. c3 c5 30. Nb3 Qd6 {[%emt 0:01:33] Against Qe6} 31. g3 Ka7 (31... Kc7 $19 32. bxc5 Nxc5 33. Nxc5 Qxc5) 32. Qe3 b6 33. a3 (33. Qe8 $17) 33... Kb7 $19 34. Kg2 h5 35. Kf2 f5 36. Ke2 {[%emt 0:01:30] [#]} (36. Qe8 $17) 36... Kc7 $1 37. Qe8 (37. h4 {is a better defense.}) 37... h4 38. gxh4 Qxf4 39. Kd1 (39. Nd2 $142 cxb4 40. axb4) 39... Qf3+ 40. Kd2 d4 {[%emt 0:00:00] Weighted Error Value: White=0.35/Black=0.10 (very precise)} 0-1

[Event "FIDE WSTC-50-65 2022"]
[Site "Acqui Terme"]
[Date "2022.06.29"]
[Round "9.4"]
[White "Emms, John M"]
[Black "Barron, Michael"]
[Result "1/2-1/2"]
[ECO "C84"]
[WhiteElo "2478"]
[BlackElo "2098"]
[Annotator "TA"]
[PlyCount "29"]
[EventDate "2022.06.20"]
[EventType "team-tourn"]
[EventCountry "ITA"]
[SourceTitle "playchess.com"]
[Source "ChessBase"]
[SourceQuality "1"]
[TimeControl "40/5400+30:1800+30"]

1. e4 e5 2. Nf3 Nc6 3. Bb5 a6 4. Ba4 Nf6 5. O-O Be7 6. d3 b5 7. Bb3 O-O 8. Nc3 d6 9. a3 Bg4 10. Be3 Nd4 {[%emt 0:02:30] C84: Closed Ruy Lopez: Unusual White 6th moves.} 11. Bxd4 exd4 12. Nd5 c5 {[%emt 0:00:00] 12...Nxd5 is the modern continuation.} 13. h3 Bc8 {[%emt 0:01:30] [#]} 14. Nxf6+ $146 ({Predecessor:} 14. Qc1 Bb7 15. Qf4 Bxd5 16. Bxd5 Nxd5 17. exd5 Ra7 18. Rfe1 Qa8 19. Qe4 f5 20. Qe6+ {½-½ (45) Rivas Romero,G (2128)-Alvarez Montoya,J (2361) ICCF email 2018}) 14... Bxf6 15. Bd5 {[%emt 0:00:30] Not much happened in this game.  Weighted Error Value: White=0.02 (flawless) /Black=0.10 (very precise)} 1/2-1/2

[Event "FIDE WSTC-50-65 2022"]
[Site "Acqui Terme"]
[Date "2022.06.29"]
[Round "9.5"]
[White "Shabalov, Alexander"]
[Black "Gronn, Atle"]
[Result "1/2-1/2"]
[ECO "B01"]
[WhiteElo "2504"]
[BlackElo "2361"]
[Annotator "TA"]
[PlyCount "75"]
[EventDate "2022.06.20"]
[EventType "team-tourn"]
[EventCountry "ITA"]
[SourceTitle "playchess.com"]
[Source "ChessBase"]
[SourceQuality "1"]
[TimeControl "40/5400+30:1800+30"]

1. e4 d5 2. exd5 Qxd5 3. Nc3 Qd6 4. d4 Nf6 5. Nf3 c6 6. Ne5 g6 {[%emt 0:00:30] B01: Scandinavian Defence.} 7. Bc4 Be6 8. O-O {[%emt 0:00:30] And now Bxe6 would win.} Nbd7 {[%emt 0:10:30] White is slightly better.} 9. Bxe6 Qxe6 {[%emt 0:02:30] [#]} 10. Re1 $146 ({Predecessor:} 10. Nf3 Qd6 11. Re1 Bg7 12. a4 e6 13. b3 Qc7 14. Ba3 O-O-O 15. Qe2 Nb6 16. Ne4 Nxe4 17. Qxe4 {1-0 (44) Amonatov,F (2626)-Okrugin,S (2399) Voronezh 2010}) 10... Nxe5 11. dxe5 Rd8 12. Qf3 (12. Bd2 {feels hotter.} Ng4 13. Ne4 Bg7 14. f4) 12... Nd7 (12... Bg7 {is interesting.} 13. Bh6 Nh5 14. Be3 Bxe5 15. Bxa7 O-O) 13. Bf4 Bg7 14. Qe3 Nb6 15. a4 Qf5 16. Bg3 Qxc2 17. a5 Nc8 18. Ne4 O-O 19. b4 Rd5 20. Rec1 Qd3 21. Qxd3 Rxd3 22. Nc5 $1 Rd5 23. f4 b6 24. Na6 g5 25. Nc7 Rd4 26. fxg5 Rxb4 27. Rxc6 Re4 28. axb6 axb6 29. Re1 Rxe1+ 30. Bxe1 Bxe5 {[%emt 0:00:30] [#] Threatens to win with ...Na7.} 31. Nd5 {[%emt 0:00:43][%cal Oc6c8] aiming for Rxc8!} Bd6 32. Kf1 ({Avoid the trap} 32. Nxb6 $2 Nxb6 33. Rxb6 Bc5+ 34. Bf2 Bxb6 35. Bxb6 Rb8 $19) 32... b5 33. h4 f6 34. gxf6 {[%emt 0:00:35] The position is equal.} exf6 35. Bc3 Kf7 36. Nb6 Nxb6 37. Rxd6 Nc4 38. Rxf6+ {[%emt 0:00:07] Weighted Error Value: White=0.08 (flawless) /Black=0.05 (flawless)} 1/2-1/2

[Event "FIDE WSTC-50-65 2022"]
[Site "Acqui Terme"]
[Date "2022.06.29"]
[Round "9.6"]
[White "Dahl, Fredrik A"]
[Black "Novikov, Igor"]
[Result "0-1"]
[ECO "D02"]
[WhiteElo "2211"]
[BlackElo "2551"]
[Annotator "TA"]
[PlyCount "72"]
[EventDate "2022.06.20"]
[EventType "team-tourn"]
[EventCountry "ITA"]
[SourceTitle "playchess.com"]
[Source "ChessBase"]
[SourceQuality "1"]
[TimeControl "40/5400+30:1800+30"]

1. d4 d5 2. Nf3 Nf6 3. g3 c6 4. Bg2 Bg4 5. h3 Bh5 6. c4 {[%emt 0:02:30] D02: 1 d4 d5 2 Nf3 sidelines, including 2...Nf6 3 g3 and 2...Nf6 3 Bf4.} e6 7. Nc3 Nbd7 8. cxd5 {[%emt 0:05:30] The position is equal.} exd5 {[%emt 0:00:30] [#]} 9. Bf4 $146 ({Predecessor:} 9. Nh4 Bg6 10. Qb3 Qb6 11. Qxb6 axb6 12. g4 b5 13. Bf4 Bb4 14. Nxg6 hxg6 15. Kd2 {½-½ (22) Prasanna Raghuram,R (2424)-Sethuraman,S (2361) Las Vegas 2021}) 9... Be7 10. g4 Bg6 11. Nh4 Nb6 12. Nxg6 hxg6 13. Qd3 Nc4 14. b3 Nb6 15. Qg3 Nc8 16. O-O O-O 17. Rfd1 Re8 18. Rac1 Bb4 19. Qd3 Re6 20. e3 Nd6 21. Nb1 Qa5 22. Rc2 {[%emt 0:07:30][%cal Oa2a3] Black must now prevent a3!} Nb5 {[%emt 0:00:30] Against a3} 23. a4 Nd6 24. Nd2 Rae8 25. Nf3 Nfe4 26. Ng5 Nxg5 27. Bxg5 Ne4 28. Bf4 Bd6 29. Bxd6 Nxd6 30. Qc3 {[%emt 0:00:51] [#]} (30. Rb1 $15) 30... Qd8 $1 $17 31. b4 a6 {[%emt 0:00:30] Prevents b5.} 32. Re1 (32. Qd3 $142) 32... Qh4 33. Rce2 f5 34. f3 {[%emt 0:00:17] [#]} Qg3 ({Black should try} 34... R6e7 $1 $19 35. Rf1 f4) 35. Qc2 $2 (35. Rc1 $17) 35... Rf6 {[%emt 0:03:30] Strongly threatening ...fxg4.} 36. Kh1 $2 (36. Rf1 {was called for.}) 36... fxg4 {[%emt 0:01:30] Weighted Error Value: White=0.24 (precise) /Black=0.08 (flawless)} 0-1

[Event "FIDE WSTC-50-65 2022"]
[Site "Acqui Terme"]
[Date "2022.06.29"]
[Round "9.7"]
[White "Ehlvest, Jaan"]
[Black "Berg, Anders Hoyer"]
[Result "1-0"]
[ECO "C01"]
[WhiteElo "2517"]
[BlackElo "2115"]
[Annotator "TA"]
[PlyCount "53"]
[EventDate "2022.06.20"]
[EventType "team-tourn"]
[EventCountry "ITA"]
[SourceTitle "playchess.com"]
[Source "ChessBase"]
[SourceQuality "1"]
[TimeControl "40/5400+30:1800+30"]

1. e4 e5 2. Nf3 Nf6 3. Nxe5 d6 4. Nf3 Nxe4 5. d3 Nf6 6. d4 d5 7. Bd3 Bd6 8. O-O O-O 9. h3 $1 {[%emt 0:00:30][%mdl 4] now scores much better than the old 9.Bg5.} h6 10. Nc3 c6 {[%emt 0:07:30] C01: French: Exchange Variation.} 11. Re1 Qc7 12. Ne5 Re8 {[%emt 0:05:30][%cal Rd6e5] The position is equal.} 13. Bf4 Nbd7 14. Qf3 {[%emt 0:02:30] [#]} a6 $146 ({Predecessor:} 14... Nxe5 15. dxe5 Rxe5 16. Bxe5 Bxe5 17. Re2 Bd7 18. Rae1 Bd6 19. Bf5 Bxf5 20. Qxf5 Qb6 21. Qd3 Rd8 22. b3 Bb4 {1-0 (65) Bacrot,E (2725)-Akobian,V (2647) Riadh 2017}) 15. Re2 c5 $2 {[%emt 0:09:13][%mdl 8192] [#]} (15... Bxe5 $2 16. dxe5 Nxe5 17. Rxe5 Rxe5 18. Qg3 $18) (15... Nxe5 $14 16. dxe5 Rxe5) 16. Bg3 $2 (16. Nxd5 Nxd5 17. Nc4 (17. Qxd5 Nf6 $16) 17... Nxf4 $16) (16. Nxf7 $1 $18 Bxf4 17. Rxe8+ Nxe8 18. Nxd5) 16... cxd4 $2 (16... Nb6 $11 {and Black has nothing to worry.}) 17. Nxd5 $18 Qc5 18. Nxd7 Bxd7 19. Nxf6+ gxf6 20. Bxd6 (20. Qxf6 $142 Bxg3 21. Qxh6 (21. fxg3 Rxe2 22. Qxh6 f5 $11) (21. Rxe8+ Bxe8 22. fxg3 Qg5 $18)) 20... Qxd6 21. Rae1 $40 {[%emt 0:00:30][%mdl 128] White attacks with force.} Rxe2 22. Rxe2 (22. Bxe2 $6 Bc6 23. Qg4+ Kf8 $16) 22... Re8 (22... Kg7 $16 {was called for.} 23. b3 (23. Qxb7 Bc6 $16) 23... Rb8) 23. Rxe8+ ({Much less strong is} 23. Qxb7 Rb8 24. Qe4 (24. Qxa6 Qxa6 25. Bxa6 Rxb2 $16) 24... f5 $18) 23... Bxe8 24. Qxb7 Qf4 $2 {[%emt 0:01:05] [#]} (24... a5 25. Qe4 Kf8) 25. Qe4 Qc1+ 26. Kh2 Bb5 27. Qxd4 {[%emt 0:00:30] Weighted Error Value: White=0.72/Black=0.84} 1-0